 Dungeon Crawl Stone Soup version 0.28.0-43-g3370ac3207 (webtiles) character file.

Game seed: 9504927047060760429

549 xzight the Skirmisher (level 7, -12/44 HPs)
             Began as a Gargoyle Fighter on Mar 1, 2022.
             Mangled by an ogre
             ... wielding a +0 giant club
              (21 damage)
             ... on level 4 of the Dungeon.
             The game lasted 00:06:50 (4311 turns).

xzight the Skirmisher (Gargoyle Fighter)            Turns: 4311, Time: 00:06:50

Health: -12/44     AC: 19    Str: 21    XL:     7   Next: 28%
Magic:  7/7        EV:  6    Int:  9    God:
Gold:   169        SH:  4    Dex:  9    Spells: 6/6 levels left

rFire   . . .      SeeInvis .   a - +0 war axe
rCold   . . .      Faith    .   c - +0 buckler
rNeg    + + .      Spirit   .   i - +2 plate armour {rN+}
rPois   ∞          Reflect  .   (no helmet)
rElec   +          Harm     .   (no cloak)
rCorr   .          Rampage  .   (no gloves)
Will    .....                   (no boots)
Stlth   ..........              (no amulet)
HPRegen 0.14/turn               (no ring)
MPRegen 0.10/turn               (no ring)

@: no status effects
A: sickness immunity, AC +4, negative energy resistance 1, electricity
resistance, torment resistance 1, petrification resistance
a: no special abilities


You were on level 4 of the Dungeon.
You visited 1 branch of the dungeon, and saw 6 of its levels.

You collected 169 gold pieces.


Innate Abilities, Weirdness & Mutations

You are immune to sickness and miasma.
Your stone body is resilient. (AC +4)
You are immune to poison.
You resist negative energy. (rN+)
You are resistant to electric shocks. (rElec)
You are resistant to unholy torment.
You are immune to petrification.


   Skills:
 + Level 4.9 Fighting
 * Level 4.6 Axes
 + Level 4.9 Armour
 + Level 4.9 Shields


You had 6 spell levels left.
You didn't know any spells.
Your spell library contained the following spells:

 Spells                   Type           Power      Damage    Failure   Level
 Ensorcelled Hibernation  Hex/Ice        0%         N/A       100%        2
 Call Canine Familiar     Summ           0%         N/A       100%        3
 Frozen Ramparts          Ice            0%         1d2       100%        3
 Portal Projectile        Hex/Tloc       0%         N/A       100%        3
 Spider Form              Tmut/Pois      0%         N/A       100%        3
 Anguish                  Hex/Necr       0%         N/A       100%        4
 Ice Form                 Ice/Tmut       0%         N/A       100%        4
 Leda's Liquefaction      Hex/Erth       0%         N/A       100%        4
 Summon Ice Beast         Ice/Summ       0%         N/A       100%        4

Inventory:

Hand Weapons
 a - a +0 war axe (weapon)
Armour
 c - a +0 buckler (worn)
 i - a +2 plate armour of positive energy (worn)
 u - a scarf of resistance
Magical Staves
 h - a staff of cold {!a}
Jewellery
 E - a +4 ring of evasion
Scrolls
 f - a scroll of summoning {unknown}
 j - a scroll of enchant armour {unknown}
 m - a scroll of teleportation {unknown}
 n - a scroll of enchant weapon {unknown}
 p - a scroll of brand weapon {unknown}
 q - a scroll of holy word {unknown}
 r - a scroll of vulnerability {unknown}
 t - a scroll of silence {unknown}
Potions
 b - 2 potions of flight
 d - 3 potions of might
 e - 2 potions of berserk rage {!q}
 g - a potion of attraction {unknown}
 k - 2 potions of lignification {unknown}
 l - a potion of heal wounds {@q2}
 o - 4 potions of curing {@q1}
 s - a potion of brilliance {unknown}

Dungeon Overview and Level Annotations

Branches:
Dungeon (6/15)
 Temple: D:4-7

Altars:

...##.>.).......###
..###..##...##....##
..##...###.###.....
.. ##....#.#.#...##
. #.##...........
#..........#######
.............#....##
..#............#...#
# ##.#.....##@.....#
. #.##......O.....#
. .............####
.## ....>#........#
..#. ##.####.....##
.... #. ####...#
.... # ....# ....
(..## .... ..#.#


You could see an ogre.


Message History

Found an embroidered scarf.
Items here: ))) [ †††.
You start resting.
HP restored.
You now have 169 gold pieces (gained 6).
Things that are here:
a +0 club; a +0 chain mail
Things that are here:
a +0 mace; a +0 short sword; an orc corpse
Items here: ))) [ †††.
Found a potion of might.
Found a stone staircase leading down.
u - a scarf of resistance
d - 3 potions of might (gained 1)
An ogre comes into view. It is wielding a +0 giant club.
Found 6 javelins.
The ogre shouts!
You slash the ogre!
The ogre is moderately wounded.
The ogre hits you with a +0 giant club!
You barely miss the ogre.
The ogre is moderately wounded.
The ogre hits you with a +0 giant club!
* * * LOW HITPOINT WARNING * * *
You completely miss the ogre.
The ogre is moderately wounded.
The ogre hits you with a +0 giant club!
* * * LOW HITPOINT WARNING * * *
The ogre hits you with a +0 giant club!!
You die...

Skill      XL: |  1  2  3  4  5  6 |
---------------+-------------------+-----
Axes           | 2 3 4 |  4.6
Fighting       | 4 |  4.9
Armour         | 4 |  4.9
Shields        | 4 |  4.9

Action                   |  1- 3 |  4- 6 |  7- 9 || total
-------------------------+-------+-------+-------++-------
Melee: War axe           |   124 |   137 |    19 ||   280
  Use: Scroll            |       |     4 |       ||     4
       Potion            |       |     1 |       ||     1
Armor: Scale mail        |    19 |       |       ||    19
       Plate armour      |    89 |    98 |     8 ||   195
Dodge: Dodged            |    46 |    47 |     4 ||    97
Block: Buckler           |    32 |    24 |     1 ||    57

Levels and vault maps discovered:
D:1:      roderic_octagonal_star, layout_basic, grunt_decor_fettered,
          dk_noncrumbling_3, st_stairs_1
D:2:      layout_basic
D:3:      layout_basic, uniq_jessica
D:4:      layout_cave_pools
D:5:      layout_rooms, nicolae_ashenzari_skybound, serial_shops,
          nicolae_shop_bloodbath_and_beyond
D:6:      layout_basic, lemuel_tele_altar, uniq_edmund

Notes
Turn   | Place    | Note
-------+----------+-------------------------------------------
     0 | D:1      | xzight the Gargoyle Fighter began the quest for the Orb.
     0 | D:1      | Reached XP level 1. HP: 14/14 MP: 1/1
    31 | D:1      | Reached skill level 2 in Axes
   134 | D:1      | Reached XP level 2. HP: 18/19 MP: 2/2
  1076 | D:1      | Reached XP level 3. HP: 23/23 MP: 3/3
  1795 | D:2      | Reached XP level 4. HP: 29/29 MP: 4/4
  2359 | D:3      | Reached skill level 3 in Axes
  3051 | D:3      | Noticed Jessica
  3058 | D:3      | Killed Jessica
  3059 | D:3      | Reached skill level 4 in Fighting
  3059 | D:3      | Reached skill level 4 in Armour
  3059 | D:3      | Reached skill level 4 in Shields
  3059 | D:3      | Reached XP level 5. HP: 28/33 MP: 5/5
  3576 | D:4      | Noticed a water moccasin
  3588 | D:4      | Reached XP level 6. HP: 38/39 MP: 6/6
  3608 | D:4      | Killed a water moccasin
  3609 | D:4      | Reached skill level 4 in Axes
  3720 | D:4      | You fall into a shaft and drop 2 floors!
  3785 | D:5      | Entered Level 5 of the Dungeon
  4041 | D:5      | Noticed an ice beast
  4051 | D:5      | Killed an ice beast
  4052 | D:5      | Reached XP level 7. HP: 25/44 MP: 7/7
  4293 | D:4      | Identified a scarf of resistance
  4311 | D:4      | Mangled by an ogre

Vanquished Creatures
  A water moccasin (D:4)
  An ice beast (D:5)
  A hound (D:4)
  An orc priest (D:6)
  A jelly (D:6)
  Jessica (D:3)
  2 orc wizards (D:4)
  A hound skeleton (D:4)
  A howler monkey skeleton (D:4)
  5 adders
  2 dart slugs (D:2)
  16 orcs
  2 ball pythons
  4 bats
  8 endoplasms
  10 giant cockroaches
  5 goblins
  10 hobgoblins
  3 quokkas
  2 frilled lizards (D:2)
  9 kobolds
  9 rats
95 creatures vanquished.

Table legend: (Time is in decaauts)
 A = Elapsed time spent in this place.
 B = Non-inter-level travel time spent in this place.
 C = Inter-level travel time spent in this place.
 D = Time resting spent in this place.
 E = Time spent auto-exploring this place.
 F = Levels seen in this place.
 G = Mean time per level.
                   A        B        C        D        E       F      G
               +--------+--------+--------+--------+--------+-----+--------+
         Total |   4417 |   4283 |    134 |   1099 |   2372 |   6 |  736.2 |
       Dungeon |   4417 |   4283 |    134 |   1099 |   2372 |   6 |  736.2 |
               +--------+--------+--------+--------+--------+-----+--------+

Top non-repeatable levels by time:
     D:1: 1251 daAuts
     D:3: 1136 daAuts
     D:2: 966 daAuts
     D:4: 557 daAuts
     D:5: 437 daAuts
     D:6: 68 daAuts

Table legend:
 A = Non-vault XP
 B = Vault XP
 C = Vault XP percentage of total XP
 D = Non-vault monster count
 E = Vault monster count
 F = Vault count percentage of total count
                 A         B        C        D         E       F
            +---------+---------+-------+---------+---------+-------
      Total |     742 |      43 |   5.5 |      91 |       4 |   4.2
            +---------+---------+-------+---------+---------+-------
        D:1 |      33 |       6 |  15.4 |      19 |       3 |  13.6
        D:2 |      79 |       0 |   0.0 |      25 |       0 |   0.0
        D:3 |      34 |      37 |  52.1 |      12 |       1 |   7.7
        D:4 |     372 |       0 |   0.0 |      30 |       0 |   0.0
        D:5 |     135 |       0 |   0.0 |       2 |       0 |   0.0
        D:6 |      89 |       0 |   0.0 |       3 |       0 |   0.0
            +---------+---------+-------+---------+---------+-------
